AoeStats
← So sad

Pilgrims

507526366Analyzed
3v3 RM · 13d ago on Sep 18, 2026· 25m 27s· 6 players
Game mode
Random Map
Map size
Normal (6 player)
Population
200
Speed
Normal
Resources
Standard
Victory
Conquest
Starting age
Dark Age
Ending age
Imperial Age
RankedLock teamsTeams togetherTeam positionsShared explorationLock speedFull tech treeHidden civsTurbo modeCheats
Victory
Defeat
🇨🇱 Goths · Chile
1358
+15
🇸🇰 Italians · Slovakia
1330
+16
🇺🇸 Byzantines · United States
1326
+16
🇧🇾 Burgundians · Belarus
1344
-16
🇺🇦 Maya · Ukraine
1342
-16
🇧🇾 Saracens · Belarus
1315
-15
Thackattack
12:46 Feudal Age
13:13 Double-Bit Axe
13:20 Gold Mining
20:07 Castle Age
21:01 Medium Warships
22:59 Fletching
23:47 Fishing Lines
25:17 Bow Saw
24:59 Stone Mining
25:44 Gold Shaft Mining
26:15 Wheelbarrow
Druminado
3:35 Loom
12:45 Feudal Age
12:59 Man-at-Arms
14:31 Horse Collar
15:19 Double-Bit Axe
19:05 Castle Age
17:34 Gold Mining
17:30 Fishing Lines
18:33 Scale Mail Armor
19:04 Forging
20:57 Wheelbarrow
20:30 Squires
20:16 Long Swordsman
23:16 Town Watch
23:47 Hand Cart
24:12 Iron Casting
23:57 Stone Mining
25:04 Chain Mail Armor
24:43 Gillnets
sodsojf
6:06 Loom
11:14 Feudal Age
12:37 Double-Bit Axe
16:27 Castle Age
15:04 Town Watch
15:17 Fishing Lines
17:32 Bow Saw
19:45 Fletching
20:17 Gillnets
22:43 Wheelbarrow
23:25 Bodkin Arrow
24:12 Hand Cart
23:39 Horse Collar
23:49 Gold Mining
25:00 Padded Archer Armor
So sad
3:50 Loom
12:49 Feudal Age
14:01 Town Watch
14:05 Double-Bit Axe
16:45 Wheelbarrow
19:17 Castle Age
21:40 Husbandry
21:51 Bloodlines
24:04 Horse Collar
24:36 Bow Saw
NiL
10:09 Feudal Age
9:57 Loom
14:41 Castle Age
12:38 Fletching
15:47 Medium Warships
16:45 Fishing Lines
18:21 Double-Bit Axe
19:34 Bow Saw
21:08 Wheelbarrow
20:18 Town Watch
24:33 Hand Cart
27:16 Imperial Age
HURMA
0:26 Double-Bit Axe
4:08 Fishing Lines
4:29 Loom
11:53 Feudal Age
12:52 Wheelbarrow
12:24 Gillnets
13:56 Bow Saw
16:15 Castle Age
14:39 Forging
14:59 Scale Barding Armor
15:45 Town Watch
16:16 Hand Cart
17:52 Iron Casting
16:45 Cavalier
17:29 Husbandry
18:32 Fletching
Connection lost

Rejoining the realm…

Still unreachable

The connection could not be restored.

Session expired

The server has moved on; the page needs a fresh start.